NYP
VERMONT LAKE MONSTERS @ LOWELL SPINNERS
08/05/2048
 
TOP OF THE 1ST
Vermont Lake Monsters batting - Pitching for Lowell Spinners : RHP Danny Marquez
Pitching: RHP Danny Marquez
Batting: RHB Josh Mauer 0-0: Swinging Strike
0-1: Ball
1-1: Foul Ball, location: 2F
1-2: Fly out, F8 (Flyball, 8RD, EV 95.0 MPH)
Batting: RHB Jake Leffel 0-0: Swinging Strike
0-1: Ball
1-1: Ball
2-1: Foul Ball, location: 2F
2-2: Ground out 4-3 (Groundball, 4, EV 86.2 MPH)
Batting: RHB Zachary Anderson 0-0: Ball
1-0: Ground out 4-3 (Groundball, 4MD, EV 85.6 MPH)
Top of the 1st over - 0 runs, 0 hits, 0 errors, 0 left on base; Vermont 0 - Lowell 0
BOTTOM OF THE 1ST
Lowell Spinners batting - Pitching for Vermont Lake Monsters : RHP Kyle Rasor
Pitching: RHP Kyle Rasor
Batting: RHB Aukukero Tairi 0-0: Foul Ball, location: 2F
0-1: Called Strike
0-2: Ball
1-2: Ground out 1-3 (Groundball, 25, EV 75.0 MPH)
Batting: RHB Matt Parker 0-0: SINGLE (Groundball, 56S, EV 71.2 MPH) (infield hit)
Batting: SHB Salvador Padilla 0-0: Ball
Matt Parker is caught stealing 2nd base 2-6
1-0: Foul Ball, location: 2F
1-1: Ball
2-1: Ball
3-1: Foul Ball, location: 2F
3-2: Strikes out swinging
Bottom of the 1st over - 0 runs, 1 hit, 0 errors, 0 left on base; Vermont 0 - Lowell 0
TOP OF THE 2ND
Vermont Lake Monsters batting - Pitching for Lowell Spinners : RHP Danny Marquez
Batting: LHB Brian Puccio 0-0: Foul Ball, location: 2F
0-1: Ball
1-1: Ball
2-1: Called Strike
2-2: Strikes out swinging
Batting: LHB Nick Pacheco 0-0: Foul Ball, location: 2F
0-1: Ball
1-1: Ball
2-1: Foul Ball, location: 2F
2-2: Ball
3-2: Fly out, F8 (Flyball, 78M, EV 87.5 MPH)
Batting: RHB Jon Coleman 0-0: Ball
1-0: Ball
2-0: Foul Ball, location: 2F
2-1: Ground out U3 (Groundball, 3L, EV 78.8 MPH)
Top of the 2nd over - 0 runs, 0 hits, 0 errors, 0 left on base; Vermont 0 - Lowell 0
BOTTOM OF THE 2ND
Lowell Spinners batting - Pitching for Vermont Lake Monsters : RHP Kyle Rasor
Batting: RHB Xavier Joslin 0-0: Ball
1-0: Called Strike
1-1: Fly out, F8 (Flyball, 8RM, EV 93.1 MPH)
Batting: RHB Raul Sanchez 0-0: Called Strike
0-1: Ball
1-1: Ball
2-1: Fly out, F7 (Line Drive, 7, EV 99.4 MPH)
Batting: RHB Mario Arriero 0-0: Ball
1-0: Fly out, F8 (Flyball, 8RM, EV 91.9 MPH)
Bottom of the 2nd over - 0 runs, 0 hits, 0 errors, 0 left on base; Vermont 0 - Lowell 0
TOP OF THE 3RD
Vermont Lake Monsters batting - Pitching for Lowell Spinners : RHP Danny Marquez
Batting: SHB Steve Salafia 0-0: Ball
1-0: Fly out, F8 (Flyball, 8RM, EV 76.2 MPH)
Batting: RHB Rusty Prodoehl 0-0: Ball
1-0: Swinging Strike
1-1: Called Strike
1-2: Foul Ball, location: 2F
1-2: Ball
2-2: Ball
3-2: Foul Ball, location: 2F
3-2: Foul Ball, location: 2F
3-2: Base on Balls
Batting: SHB Matt Sybrant 0-0: Called Strike
0-1: Ball
1-1: Called Strike
1-2: Ball
2-2: Ball
3-2: Base on Balls
Rusty Prodoehl to second
Batting: RHB Josh Mauer 0-0: Foul Ball, location: 2F
0-1: Ball
1-1: Foul Ball, location: 2F
1-2: Fielders Choice at 2nd, 3-6 (Groundball, 34, EV 103.1 MPH)
Rusty Prodoehl to third
Batting: RHB Jake Leffel 0-0: Called Strike
0-1: Ball
1-1: Called Strike
1-2: Foul Ball, location: 2F
1-2: Ball
2-2: Ball
3-2: Base on Balls
Josh Mauer to second
Batting: RHB Zachary Anderson 0-0: Ball
1-0: Ball
Balk!
Rusty Prodoehl scores
Josh Mauer to third
Jake Leffel to second
2-0: SINGLE (Line Drive, 7LM, EV 110.0 MPH)
Josh Mauer scores
Jake Leffel to third
Runner from 3rd tries for Home, SAFE, throw by LF to home
Batting: LHB Brian Puccio 0-0: Ball
1-0: Ball
2-0: Foul Ball, location: 2F
2-1: Foul Ball, location: 2F
2-2: 2-RUN HOME RUN (Flyball, 78XD, EV 98.8 MPH), Distance : 412 ft
Pitching: RHP Mike Goodwin
Batting: LHB Nick Pacheco 0-0: Foul Ball, location: 2F
0-1: Swinging Strike
0-2: Foul Ball, location: 2F
0-2: Foul Ball, location: 2F
0-2: Ball
1-2: Ball
2-2: Strikes out swinging
Top of the 3rd over - 5 runs, 2 hits, 0 errors, 0 left on base; Vermont 5 - Lowell 0
BOTTOM OF THE 3RD
Lowell Spinners batting - Pitching for Vermont Lake Monsters : RHP Kyle Rasor
Batting: RHB Willie Camacho 0-0: Ball
1-0: Ground out 5-3 (Groundball, 56, EV 86.2 MPH)
Batting: LHB Robert Gonzalez 0-0: Foul Ball, location: 2F
0-1: SINGLE (Groundball, 6MD, EV 101.9 MPH) (infield hit)
Batting: RHB Rogelio Cervantes 0-0: Ball
1-0: Called Strike
1-1: Ball
2-1: Foul Ball, location: 2F
2-2: Strikes out swinging
Batting: RHB Aukukero Tairi 0-0: Called Strike
0-1: Ball
1-1: Called Strike
Robert Gonzalez steals 2nd, throwing error, E2
Robert Gonzalez to third
1-2: 2-RUN HOME RUN (Flyball, 7LD, EV 99.4 MPH), Distance : 359 ft
Batting: RHB Matt Parker 0-0: Called Strike
0-1: Ball
1-1: Swinging Strike
1-2: Ball
2-2: Ball
3-2: Foul Ball, location: 2F
3-2: Base on Balls
Batting: SHB Salvador Padilla 0-0: Ball
1-0: Swinging Strike
1-1: Ball
Matt Parker steals 2nd base
2-1: Called Strike
2-2: DOUBLE (Line Drive, 9LM, EV 95.0 MPH)
Matt Parker scores
Pitching: LHP Noah Young
Batting: RHB Xavier Joslin 0-0: Called Strike
0-1: Ball
1-1: Ground out 4-3 (Groundball, 34, EV 103.1 MPH)
Bottom of the 3rd over - 3 runs, 3 hits, 1 error, 1 left on base; Vermont 5 - Lowell 3
TOP OF THE 4TH
Vermont Lake Monsters batting - Pitching for Lowell Spinners : RHP Mike Goodwin
Batting: RHB Jon Coleman 0-0: Called Strike
0-1: Hit by Pitch
Batting: SHB Steve Salafia 0-0: Ball
1-0: Called Strike
1-1: Ball
2-1: Foul Ball, location: 2F
2-2: Strikes out swinging
Batting: RHB Rusty Prodoehl 0-0: Ball
1-0: Ball
2-0: Ball
3-0: Base on Balls
Jon Coleman to second
Batting: SHB Matt Sybrant 0-0: Swinging Strike
0-1: Called Strike
0-2: Ball
1-2: Fielders Choice at 2nd, 6-4 (Groundball, 6, EV 86.2 MPH)
Jon Coleman to third
Batting: RHB Josh Mauer 0-0: Called Strike
0-1: Ball
Balk!
Jon Coleman scores
Matt Sybrant to second
1-1: Ball
2-1: Swinging Strike
2-2: Strikes out looking
Top of the 4th over - 1 run, 0 hits, 0 errors, 1 left on base; Vermont 6 - Lowell 3
BOTTOM OF THE 4TH
Lowell Spinners batting - Pitching for Vermont Lake Monsters : LHP Noah Young
Batting: RHB Raul Sanchez 0-0: Ball
1-0: SINGLE (Groundball, 34D, EV 102.5 MPH)
Batting: RHB Mario Arriero 0-0: Ball
1-0: Ball
2-0: Called Strike
2-1: SINGLE (Line Drive, 7S, EV 90.0 MPH)
Raul Sanchez to second
Batting: RHB Willie Camacho 0-0: Ball
1-0: Called Strike
1-1: Ball
2-1: Ball
3-1: Called Strike
3-2: Base on Balls
Raul Sanchez to third
Mario Arriero to second
Pinch Hitting: RHB Curt Stallings 0-0: Foul Ball, location: 2F
0-1: Called Strike
0-2: Fly out, F7 (Flyball, 7, EV 94.4 MPH)
Batting: RHB Rogelio Cervantes 0-0: Ball
1-0: Fielders Choice at 2nd, 3-6 (Groundball, 34, EV 90.6 MPH)
Raul Sanchez scores
Mario Arriero to third
Batting: RHB Aukukero Tairi 0-0: Ball
1-0: Ball
Rogelio Cervantes steals 2nd base
2-0: Ball
3-0: Base on Balls
Batting: RHB Matt Parker 0-0: Ball
Wild Pitch!
Mario Arriero scores
Rogelio Cervantes to third
Aukukero Tairi to second
1-0: Ground out 5-3 (Groundball, 56S, EV 73.1 MPH)
Bottom of the 4th over - 2 runs, 2 hits, 0 errors, 2 left on base; Vermont 6 - Lowell 5
TOP OF THE 5TH
Vermont Lake Monsters batting - Pitching for Lowell Spinners : RHP Mike Goodwin
Now in RF: Curt Stallings
Batting: RHB Jake Leffel 0-0: Called Strike
0-1: Fly out, F7 (Flyball, 7LM, EV 90.6 MPH)
Batting: RHB Zachary Anderson 0-0: Ground out U3 (Groundball, 13, EV 81.9 MPH)
Batting: LHB Brian Puccio 0-0: Called Strike
0-1: Ball
1-1: Swinging Strike
1-2: Ball
2-2: Foul Ball, location: 2F
2-2: Strikes out swinging
Top of the 5th over - 0 runs, 0 hits, 0 errors, 0 left on base; Vermont 6 - Lowell 5
BOTTOM OF THE 5TH
Lowell Spinners batting - Pitching for Vermont Lake Monsters : LHP Noah Young
Batting: SHB Salvador Padilla 0-0: Swinging Strike
0-1: Called Strike
0-2: Ball
1-2: Strikes out swinging
Batting: RHB Xavier Joslin 0-0: Ball
1-0: Called Strike
1-1: Called Strike
1-2: Ground out 3-1 (Groundball, 34, EV 88.1 MPH)
Batting: RHB Raul Sanchez 0-0: SOLO HOME RUN (Flyball, 7D, EV 107.5 MPH), Distance : 384 ft
Batting: RHB Mario Arriero 0-0: Ball
1-0: Foul Ball, location: 2F
1-1: Foul Ball, location: 2F
1-2: TRIPLE (Line Drive, 78XD, EV 108.8 MPH)
Batting: RHB Willie Camacho 0-0: Ball
1-0: Foul Ball, location: 2F
1-1: Ball
2-1: Called Strike
2-2: Foul Ball, location: 2F
2-2: Strikes out swinging, 2-3 out at first.
Bottom of the 5th over - 1 run, 2 hits, 0 errors, 1 left on base; Vermont 6 - Lowell 6
TOP OF THE 6TH
Vermont Lake Monsters batting - Pitching for Lowell Spinners : RHP Mike Goodwin
Batting: LHB Nick Pacheco 0-0: Foul Ball, location: 2F
0-1: Ball
1-1: Foul Ball, location: 2F
1-2: Foul Ball, location: 2F
1-2: Ball
2-2: Ball
3-2: Foul Ball, location: 2F
3-2: Base on Balls
Batting: RHB Jon Coleman 0-0: Fly out, F8 (Flyball, 8LM, EV 81.2 MPH)
Batting: SHB Steve Salafia 0-0: Reached on error, E3 (Groundball, 3, EV 85.6 MPH)
Nick Pacheco to second
Batting: RHB Rusty Prodoehl 0-0: Grounds into double play, 4-6-3 (Groundball, 4M, EV 106.9 MPH)
Top of the 6th over - 0 runs, 0 hits, 1 error, 1 left on base; Vermont 6 - Lowell 6
BOTTOM OF THE 6TH
Lowell Spinners batting - Pitching for Vermont Lake Monsters : LHP Noah Young
Pitching: RHP Carlos Pichardo
Batting: RHB Curt Stallings 0-0: Ball
1-0: SINGLE (Groundball, 3D, EV 98.1 MPH)
Batting: RHB Rogelio Cervantes 0-0: Ground out 5-3 (Groundball, 56S, EV 67.5 MPH)
Curt Stallings to second
Batting: RHB Aukukero Tairi 0-0: Fly out, F8 (Flyball, 8RXD, EV 83.1 MPH)
Runner from 2nd tags up, SAFE at 3rd, no throw by CF
Batting: RHB Matt Parker 0-0: Foul Ball, location: 2F
0-1: Ball
1-1: Foul Ball, location: 2F
1-2: Strikes out swinging
Bottom of the 6th over - 0 runs, 1 hit, 0 errors, 1 left on base; Vermont 6 - Lowell 6
TOP OF THE 7TH
Vermont Lake Monsters batting - Pitching for Lowell Spinners : RHP Mike Goodwin
Batting: SHB Matt Sybrant 0-0: Ball
1-0: Called Strike
1-1: Called Strike
1-2: Ground out 6-3 (Groundball, 6, EV 84.4 MPH)
Batting: RHB Josh Mauer 0-0: Ball
1-0: Called Strike
1-1: Ball
2-1: Ground out 6-3 (Groundball, 6, EV 106.2 MPH)
Batting: RHB Jake Leffel 0-0: Called Strike
0-1: Ground out 1-3 (Groundball, 13S, EV 65.0 MPH)
Top of the 7th over - 0 runs, 0 hits, 0 errors, 0 left on base; Vermont 6 - Lowell 6
BOTTOM OF THE 7TH
Lowell Spinners batting - Pitching for Vermont Lake Monsters : RHP Carlos Pichardo
Batting: SHB Salvador Padilla 0-0: Swinging Strike
0-1: Foul Ball, location: 2F
0-2: Ball
1-2: SINGLE (Groundball, 6MD, EV 111.9 MPH)
Batting: RHB Xavier Joslin 0-0: Ball
1-0: Fly out, F9 (Flyball, 9S, EV 88.8 MPH)
Batting: RHB Raul Sanchez 0-0: Ball
Pickoff Throw to First - Out! 1-3
1-0: Ball
2-0: Ball
3-0: Called Strike
3-1: Foul Ball, location: 2F
3-2: Base on Balls
Batting: RHB Mario Arriero 0-0: Ball
1-0: Ball
2-0: Fly out, F4 (Popup, 34D, EV 48.1 MPH)
Bottom of the 7th over - 0 runs, 1 hit, 0 errors, 1 left on base; Vermont 6 - Lowell 6
TOP OF THE 8TH
Vermont Lake Monsters batting - Pitching for Lowell Spinners : RHP Mike Goodwin
Pitching: RHP Tyler Tomblin
Batting: RHB Zachary Anderson 0-0: Fly out, F8 (Line Drive, 89D, EV 93.8 MPH)
Pitching: LHP Roald van Erkel
Batting: RHB Jason Dove 0-0: Called Strike
0-1: Ball
1-1: Called Strike
1-2: Foul Ball, location: 2F
1-2: Strikes out swinging
Pinch Hitting: RHB Walt Alaniz 0-0: Ball
1-0: Ball
2-0: Ball
3-0: Called Strike
3-1: Ground out 4-3 (Groundball, 34, EV 108.8 MPH)
Top of the 8th over - 0 runs, 0 hits, 0 errors, 0 left on base; Vermont 6 - Lowell 6
BOTTOM OF THE 8TH
Lowell Spinners batting - Pitching for Vermont Lake Monsters : RHP Carlos Pichardo
Now at 1B: Igor Ciobanu
Pinch Hitting: LHB Nelis Geurts 0-0: Ball
1-0: Ball
2-0: Ball
3-0: Called Strike
3-1: Called Strike
3-2: Base on Balls
Batting: RHB Curt Stallings 0-0: Ball
1-0: Sac Bunt to 3S - play at first, batter safe!
Nelis Geurts to second
Pinch Hitting: RHB Guillermo Quintero 0-0: Foul Ball, location: 2F
0-1: Ball
1-1: Ball
2-1: SINGLE (Flyball, 89S, EV 93.1 MPH)
Nelis Geurts to third
Curt Stallings to second
Pitching: RHP Eric Dighton
Batting: RHB Aukukero Tairi 0-0: Ball
1-0: Ball
2-0: Called Strike
2-1: Foul Ball, location: 2F
2-2: Ball
3-2: SINGLE (Line Drive, 4MD, EV 97.5 MPH)
Nelis Geurts scores
Curt Stallings to third
Guillermo Quintero to second
Batting: RHB Matt Parker 0-0: Grounds into fielders choice 5-2 (Groundball, 56, EV 83.8 MPH)
Guillermo Quintero to third
Aukukero Tairi to second
Batting: SHB Salvador Padilla 0-0: Foul Ball, location: 2F
0-1: Ball
1-1: Ball
2-1: Swinging Strike
2-2: Foul Ball, location: 2F
2-2: Ball
3-2: Foul Ball, location: 2F
3-2: Base on Balls
Guillermo Quintero scores
Aukukero Tairi to third
Matt Parker to second
Batting: RHB Xavier Joslin 0-0: Called Strike
0-1: Ball
1-1: Swinging Strike
1-2: Strikes out swinging
Batting: RHB Raul Sanchez 0-0: Fly out, F8 (Flyball, 78D, EV 103.1 MPH)
Bottom of the 8th over - 2 runs, 3 hits, 0 errors, 3 left on base; Vermont 6 - Lowell 8
TOP OF THE 9TH
Vermont Lake Monsters batting - Pitching for Lowell Spinners : LHP Roald van Erkel
Pitching: RHP Tim Tucker
Now at 2B: Randy Schmitt
Now at SS: Jose Molina
Batting: RHB Jon Coleman 0-0: Called Strike
0-1: SINGLE (Groundball, 4MD, EV 95.6 MPH)
Batting: SHB Steve Salafia 0-0: Ball
Passed Ball!
Jon Coleman to second
1-0: Ball
Wild Pitch!
Jon Coleman to third
2-0: Called Strike
2-1: Ground out U3 (Groundball, 3, EV 89.4 MPH)
Batting: RHB Rusty Prodoehl 0-0: Called Strike
0-1: Ball
1-1: DOUBLE (Line Drive, 89XD, EV 106.2 MPH)
Jon Coleman scores
Batting: SHB Matt Sybrant 0-0: Swinging Strike
0-1: Swinging Strike
0-2: Strikes out swinging
Batting: RHB Josh Mauer 0-0: Ball
1-0: Foul Ball, location: 2F
1-1: Swinging Strike
1-2: Strikes out swinging
Top of the 9th over - 1 run, 2 hits, 0 errors, 1 left on base; Vermont 7 - Lowell 8
Tuesday, March 28th , 2023 - OOTP Baseball 23.10 Build 110